 Dungeon Crawl Stone Soup version 0.23.2-1-ga50397a (webtiles) character file.

Game seed: 13785318932109583884

50 IBeShadow the Gusty (level 3, -1/20 HPs)
             Began as a Tengu Air Elementalist on May 15, 2019.
             Slain by an adder (2 damage)
             ... on level 1 of the Dungeon.
             The game lasted 00:02:30 (1864 turns).

IBeShadow the Gusty (Tengu Air Elementalist)        Turns: 1864, Time: 00:02:31

Health: -1/20      AC:  2    Str:  7 (9)  XL:     3   Next: 79%
Magic:  3/7        EV:  9    Int: 18 (20) God:
Gold:   11         SH:  0    Dex: 11 (14) Spells: 6/7 levels left

rFire    . . .     SeeInvis .   d - +0 club
rCold    . . .     Gourm    .   (no shield)
rNeg     . . .     Faith    .   a - +0 robe
rPois    .         Spirit   .   (helmet restricted)
rElec    .         Reflect  .   (no cloak)
rCorr    .         Harm     .   (no gloves)
MR       .....                  (boots unavailable)
Stlth    ++........             (no amulet)
HPRegen  0.06/turn              f - -3 ring of evasion (curse)
MPRegen  0.10/turn              (no ring)

@: brilliant, lethally poisoned (-1 -> -14)
A: beak, talons 3
a: no special abilities


You were on level 1 of the Dungeon.
You were very hungry.

You visited 1 branch of the dungeon, and saw 2 of its levels.

You collected 11 gold pieces.

Inventory:

Hand Weapons
 d - a +0 club (weapon)
Armour
 a - a +0 robe (worn)
 i - a +0 buckler
Jewellery
 f - a cursed -3 ring of evasion (left hand)
Scrolls
 b - 2 scrolls of magic mapping {unknown}
Potions
 e - a potion of haste
Comestibles
 c - 2 rations


   Skills:
 + Level 1.4 Fighting
 - Level 2.1 Dodging
 - Level 2.0 Stealth
 * Level 0.0 Shields
 + Level 2.5 Spellcasting
 + Level 2.6 Conjurations
 + Level 4.6 Air Magic


You had 6 spell levels left.
You knew the following spells:

 Your Spells              Type           Power        Failure   Level  Hunger
a - Shock                 Conj/Air       ####         1%          1    #......

Your spell library contained the following spells:

 Spells                   Type           Power        Failure   Level  Hunger
 Swiftness                Chrm/Air       ###.....     1%          2    ##.....
 Static Discharge         Conj/Air       ####....     1%          3    ###....
 Airstrike                Air            ####......   3%          4    #####..
 Lightning Bolt           Conj/Air       ####......   12%         5    ######.


Dungeon Overview and Level Annotations

Branches:
Dungeon (2/15)

Altars:


Innate Abilities, Weirdness & Mutations

You have a beak for a mouth.
You have claws for feet.


Message History

It was a potion of brilliance.
You feel clever all of a sudden.
* * * LOW HITPOINT WARNING * * *
You feel sick. The adder barely misses you.
The adder bites you but does no damage.
Unknown command.
It was a potion of degeneration.
There was something very wrong with that liquid.
You feel weakened.
You feel dopey.
You feel clumsy.
* * * LOW HITPOINT WARNING * * *
You feel sick. The adder barely misses you.
Casting: Shock (safe; 1% risk of failure)
Confirm with . or Enter, or press ? or * to list all spells.
Aiming: Shock (safe; 1% risk of failure)
Press: ? - help, Shift-Dir - straight line, f/p - adder
Aim: an adder (severely wounded)
The zap misses the adder.
* * * LOW HITPOINT WARNING * * *
You feel sick. The adder bites you.
You die...

#####..##############.......#....
............#.......#..........#.
###########.........#.......###..
....................#.......# #.#
##########..........#.......# ##.
#...........####...# ##
#...........#####..#
#.....S............#
#......@....#####.##
#...........# #.# #.#.........#
#.# #.#.........# #.#
#.########### #.# #.# #.#
#.###############.#
#.................#
###################


You could see an adder.

Vanquished Creatures
  2 gnolls (D:1)
  An ooze (D:1)
  A dart slug (D:1)
  A ball python (D:1)
  4 bats (D:1)
  2 giant cockroaches (D:1)
  3 goblins (D:1)
  3 hobgoblins (D:1)
  2 kobolds (D:1)
  A frilled lizard (D:1)
  3 rats (D:1)
23 creatures vanquished.

Notes
Turn   | Place    | Note
-------+----------+-------------------------------------------
     0 | D:1      | IBeShadow the Tengu Air Elementalist began the quest for
                  | the Orb.
     0 | D:1      | Reached XP level 1. HP: 10/10 MP: 4/4
   254 | D:1      | Reached XP level 2. HP: 4/16 MP: 6/6
   530 | D:1      | Reached skill level 1 in Fighting
   530 | D:1      | Reached XP level 3. HP: 20/20 MP: 2/7
  1864 | D:1      | HP: 1/20 [poisoned by an adder]
  1864 | D:1      | Slain by an adder

Skill      XL: |  1  2 |
---------------+-------+-----
Conjurations   | 2 |  2.6
Fighting       | 1 |  1.4
Dodging        | |  2.1
Stealth        | |  2.0
Spellcasting   | |  2.5
Air Magic      | |  4.6

Action                   || total
-------------------------++-------
Melee: Unarmed           ||     7
       Club              ||    42
       Kick              ||    12
       Peck              ||     9
 Cast: Shock             ||    22
  Use: Scroll            ||     2
       Potion            ||     2
 Stab: Sleeping          ||     2
  Eat: Chunk             ||     2
Armor: Robe              ||    12
Dodge: Dodged            ||    37
